[Event "8. Arber-Schachopen 2019"]
[Site "Bodenmais"]
[Date "2019.07.31"]
[Round "5.11"]
[White "Woelk, Tom-Frederic"]
[Black "Zepke, Armin"]
[Result "1-0"]
[ECO "D35"]
[WhiteElo "2229"]
[BlackElo "2122"]
[Annotator "NA"]
[PlyCount "83"]
[EventDate "2019.07.27"]
[EventCountry "GER"]
[SourceTitle "playchess.com"]
[Source "ChessBase"]
[SourceQuality "1"]
[TimeControl "40/5400+30:1800+30"]

1. d4 d5 2. c4 e6 3. Nc3 Nf6 4. cxd5 exd5 5. Bg5 Be7 6. e3 O-O 7. Bd3 Nbd7 8. Nge2 c6 9. O-O Nh5 10. Bxe7 Qxe7 11. Rb1 a5 12. a3 Re8 13. b4 axb4 14. axb4 Nf8 15. b5 Qh4 16. bxc6 bxc6 17. Ng3 Bg4 18. Be2 Nf6 19. Qc2 Re6 20. Rfc1 Bxe2 21. Ncxe2 Ng6 22. Rb6 Rc8 23. Qa4 Ne7 24. Nf4 Ng4 25. Nh3 g5 26. Qb4 Nxh2 27. Rb7 Re8 28. Rxe7 Nf3+ 29. gxf3 R8xe7 30. Nf5 Qxh3 31. Nxe7+ Kg7 32. Rxc6 Qxf3 33. Rxe6 fxe6 34. Nc6 Qd1+ 35. Kg2 Qg4+ 36. Kf1 Qd1+ 37. Qe1 Qd3+ 38. Kg1 Qf5 39. Ne5 h5 40. Qc1 h4 41. Qc7+ Kh6 42. Qf7 1-0

[Event "8. Arber-Schachopen 2019"]
[Site "Bodenmais"]
[Date "2019.07.31"]
[Round "5.12"]
[White "Vuckovic, Zarko"]
[Black "Schmahl, Stephan"]
[Result "1-0"]
[ECO "C01"]
[WhiteElo "2214"]
[BlackElo "2101"]
[Annotator "NA"]
[PlyCount "67"]
[EventDate "2019.07.27"]
[EventCountry "GER"]
[SourceTitle "playchess.com"]
[Source "ChessBase"]
[SourceQuality "1"]
[TimeControl "40/5400+30:1800+30"]

1. e4 e6 2. d4 d5 3. exd5 exd5 4. Bd3 Nc6 5. c3 Bd6 6. Qf3 Nf6 7. h3 Ne4 8. Bf4 O-O 9. Bxd6 Qxd6 10. Nd2 f5 11. Ne2 Bd7 12. Qf4 Qxf4 13. Nxf4 Rae8 14. Bxe4 dxe4 15. h4 Nd8 16. Nc4 Ne6 17. g3 Nxf4 18. gxf4 Bb5 19. Ne5 Bd3 20. Kd2 Rf6 21. Rae1 Ba6 22. Ke3 b6 23. c4 Rd8 24. Reg1 Rfd6 25. d5 b5 26. b3 bxc4 27. bxc4 Rb6 28. Rg5 Rf6 29. Rhg1 g6 30. h5 Kg7 31. hxg6 hxg6 32. Nxg6 Kf7 33. Ne5+ Ke7 34. Kd4 1-0

[Event "8. Arber-Schachopen 2019"]
[Site "Bodenmais"]
[Date "2019.07.31"]
[Round "5.13"]
[White "Beulertz, Stefan"]
[Black "Beck, Gerald"]
[Result "0-1"]
[ECO "C29"]
[WhiteElo "2033"]
[BlackElo "2176"]
[Annotator "NA"]
[PlyCount "104"]
[EventDate "2019.07.27"]
[EventCountry "GER"]
[SourceTitle "playchess.com"]
[Source "ChessBase"]
[SourceQuality "1"]
[TimeControl "40/5400+30:1800+30"]

1. e4 e5 2. Nc3 Nf6 3. f4 d5 4. fxe5 Nxe4 5. Qf3 Nxc3 6. dxc3 Bc5 7. Bf4 O-O 8. O-O-O c6 9. Bd3 Qh4 10. g3 Qg4 11. Qg2 Bxg1 12. h3 Be3+ 13. Bxe3 Qe6 14. Bf4 Nd7 15. Rde1 Nc5 16. Be2 b5 17. Qg1 Qe7 18. g4 a5 19. Qe3 Ne6 20. Bd3 Ba6 21. h4 b4 22. Bxa6 Rxa6 23. Qd3 Qb7 24. Be3 c5 25. c4 d4 26. Bd2 a4 27. g5 b3 28. cxb3 a3 29. Kc2 Rfa8 30. Rb1 axb2 31. Rhf1 Rxa2 32. Rxb2 Rxb2+ 33. Kxb2 Qa7 34. Kc2 Qa2+ 35. Kd1 Rb8 36. Rf3 Qa1+ 37. Bc1 Qa7 38. h5 Qe7 39. g6 hxg6 40. hxg6 fxg6 41. Qxg6 Nf8 42. Qh5 Re8 43. Bf4 Nd7 44. Rh3 Nxe5 45. Qh7+ Kf7 46. Rh5 Nd7 47. Rf5+ Nf6 48. Qh5+ Kg8 49. Qh4 Qe2+ 50. Kc1 Qf1+ 51. Kc2 Re2+ 52. Bd2 Qxf5+ 0-1

[Event "8. Arber-Schachopen 2019"]
[Site "Bodenmais"]
[Date "2019.07.31"]
[Round "5.14"]
[White "Schelle, Artur"]
[Black "Kolb, Wolfgang"]
[Result "1-0"]
[ECO "A45"]
[WhiteElo "2176"]
[BlackElo "2099"]
[Annotator "NA"]
[PlyCount "78"]
[EventDate "2019.07.27"]
[EventCountry "GER"]
[SourceTitle "playchess.com"]
[Source "ChessBase"]
[SourceQuality "1"]
[TimeControl "40/5400+30:1800+30"]

1. d4 Nf6 2. Bf4 d5 3. e3 c5 4. Nf3 cxd4 5. exd4 Nc6 6. c3 e6 7. Bd3 Be7 8. O-O O-O 9. Nbd2 Nh5 10. Be3 f5 11. Ne5 Nf6 12. Bg5 Nxe5 13. dxe5 Ne4 14. Bxe7 Qxe7 15. Nb3 Qc7 16. Qe2 Nc5 17. Nd4 Nxd3 18. Qxd3 Qxe5 19. f4 Qd6 20. Rae1 Bd7 21. Re5 Rae8 22. Rfe1 a6 23. Qe2 Kf7 24. Qh5+ Kg8 25. Qe2 Kf7 26. h3 g6 27. Qf2 Kg7 28. R1e3 Rf6 29. Kh1 Ref8 30. Qe1 Re8 31. Qd2 Ref8 32. a3 Rc8 33. Re2 Qb6 34. Qe3 Re8 35. Nxf5+ exf5 36. Rxe8 Bxe8 37. Qxe8 Qc5 38. Re7+ Kh6 39. Qd7 b6 1-0

[Event "8. Arber-Schachopen 2019"]
[Site "Bodenmais"]
[Date "2019.07.31"]
[Round "5.15"]
[White "Hoffmann, Tim"]
[Black "Vennemann, Juergen"]
[Result "0-1"]
[ECO "B12"]
[WhiteElo "2147"]
[BlackElo "1925"]
[Annotator "NA"]
[PlyCount "54"]
[EventDate "2019.07.27"]
[EventCountry "GER"]
[SourceTitle "playchess.com"]
[Source "ChessBase"]
[SourceQuality "1"]
[TimeControl "40/5400+30:1800+30"]

1. e4 c6 2. d4 d5 3. e5 Bf5 4. Nd2 e6 5. Nb3 Nd7 6. Nf3 h5 7. Be2 Ne7 8. O-O Bg4 9. Bg5 Qc7 10. Bd3 f6 11. exf6 gxf6 12. Bh4 e5 13. dxe5 fxe5 14. Bxe7 Bxe7 15. Bg6+ Kd8 16. h3 e4 17. hxg4 hxg4 18. Nh4 Bxh4 19. Qxg4 Ne5 20. Qf5 Nxg6 21. g3 Ne5 22. Nd4 Nf3+ 23. Nxf3 exf3 24. Qxf3 Bg5 25. c4 Qh7 26. Qg2 dxc4 27. Rfe1 Kc7 0-1

[Event "8. Arber-Schachopen 2019"]
[Site "Bodenmais"]
[Date "2019.07.31"]
[Round "5.16"]
[White "Pfeifer, Wilfried"]
[Black "Senner, Peter"]
[Result "0-1"]
[ECO "A03"]
[WhiteElo "1916"]
[BlackElo "2231"]
[Annotator "NA"]
[PlyCount "40"]
[EventDate "2019.07.27"]
[EventCountry "GER"]
[SourceTitle "playchess.com"]
[Source "ChessBase"]
[SourceQuality "1"]
[TimeControl "40/5400+30:1800+30"]

1. f4 d5 2. Nf3 c5 3. e3 a6 4. b3 Nc6 5. Bb2 Nh6 6. Be2 e6 7. Ne5 Nxe5 8. fxe5 d4 9. exd4 cxd4 10. Bf3 Bc5 11. Ba3 Qa5 12. Bc1 Nf5 13. Kf1 O-O 14. g3 f6 15. exf6 Rxf6 16. Kg2 Bd7 17. Rf1 Raf8 18. d3 Ne3+ 19. Bxe3 dxe3 20. d4 Bc6 0-1

[Event "8. Arber-Schachopen 2019"]
[Site "Bodenmais"]
[Date "2019.07.31"]
[Round "5.17"]
[White "Kleibel, Uwe"]
[Black "Kneutgen, Alexander"]
[Result "1-0"]
[ECO "C01"]
[WhiteElo "2217"]
[BlackElo "1920"]
[Annotator "NA"]
[PlyCount "75"]
[EventDate "2019.07.27"]
[EventCountry "GER"]
[SourceTitle "playchess.com"]
[Source "ChessBase"]
[SourceQuality "1"]
[TimeControl "40/5400+30:1800+30"]

1. e4 e6 2. d4 d5 3. exd5 exd5 4. Nf3 Bd6 5. c4 c6 6. Nc3 Ne7 7. Bd3 dxc4 8. Bxc4 O-O 9. O-O Nd7 10. Bb3 Nb6 11. Ne5 Bxe5 12. dxe5 Qxd1 13. Rxd1 Be6 14. Be3 Ned5 15. Nxd5 Nxd5 16. Bc5 Rfd8 17. Rd4 Rd7 18. Rad1 b6 19. Bd6 b5 20. Rc1 Ne7 21. Bxe6 fxe6 22. Rd2 Rc8 23. Rdc2 Nf5 24. Rxc6 Rxc6 25. Rxc6 Kf7 26. Kf1 Nxd6 27. exd6 e5 28. Rc5 Ke6 29. Rxb5 Kxd6 30. Ke2 Ke6 31. a4 g6 32. b4 Kf5 33. Ke3 Rc7 34. Rc5 Rb7 35. b5 g5 36. f3 h5 37. g3 Ke6 38. Ke4 {[%emt 0:00:09] Kd5+} 1-0

[Event "8. Arber-Schachopen 2019"]
[Site "Bodenmais"]
[Date "2019.07.31"]
[Round "5.18"]
[White "Speicher, Franz"]
[Black "Hoffmann, Sebastian"]
[Result "0-1"]
[ECO "A03"]
[WhiteElo "1895"]
[BlackElo "2199"]
[Annotator "NA"]
[PlyCount "90"]
[EventDate "2019.07.27"]
[EventCountry "GER"]
[SourceTitle "playchess.com"]
[Source "ChessBase"]
[SourceQuality "1"]
[TimeControl "40/5400+30:1800+30"]

1. f4 d5 2. Nf3 g6 3. c4 c6 4. e3 Bg7 5. Nc3 Nf6 6. cxd5 cxd5 7. Bb5+ Bd7 8. Qb3 Bxb5 9. Qxb5+ Qd7 10. Ne5 Qxb5 11. Nxb5 Na6 12. b3 Nd7 13. d4 Nxe5 14. fxe5 Nb4 15. O-O O-O 16. Bd2 Nc6 17. Nc7 Rad8 18. e6 f5 19. Rac1 Rd6 20. Rc5 Nxd4 21. Rxd5 Rxd5 22. Nxd5 Nc6 23. Bc1 Rd8 24. Rd1 Kf8 25. Ba3 a5 26. Bc5 Be5 27. g3 Bd6 28. Bb6 Ra8 29. Nc7 Bxc7 30. Bxc7 a4 31. bxa4 Rxa4 32. Rd2 Kg7 33. Rb2 Kf6 34. Rxb7 Rxa2 35. Rb6 Rc2 36. Bf4 g5 37. Bc7 Kxe6 38. Rb7 Kd5 39. Rb5+ Ke4 40. Bb6 e6 41. Rc5 Rxc5 42. Bxc5 Kf3 43. Kf1 Ne5 44. h3 Nc4 45. g4 Nxe3+ 0-1

[Event "8. Arber-Schachopen 2019"]
[Site "Bodenmais"]
[Date "2019.07.31"]
[Round "5.19"]
[White "Lorencova, Vera"]
[Black "Schmid, Wolfgang"]
[Result "1/2-1/2"]
[ECO "B01"]
[WhiteElo "1892"]
[BlackElo "2162"]
[Annotator "NA"]
[PlyCount "102"]
[EventDate "2019.07.27"]
[EventCountry "GER"]
[SourceTitle "playchess.com"]
[Source "ChessBase"]
[SourceQuality "1"]
[TimeControl "40/5400+30:1800+30"]

1. e4 d5 2. exd5 Qxd5 3. Nc3 Qd8 4. d4 c6 5. Nf3 Nf6 6. Bc4 Bf5 7. Bf4 e6 8. Qe2 Be7 9. O-O O-O 10. Rad1 Nbd7 11. Rfe1 Nb6 12. Bb3 a5 13. a4 Bb4 14. Bg5 Nbd5 15. Nxd5 cxd5 16. c3 Be7 17. Qb5 Ra6 18. Qe2 Rb6 19. Ba2 h6 20. Bh4 Qd7 21. b3 Ne4 22. Ne5 Qd8 23. Bxe7 Qxe7 24. Qb2 Rc8 25. Rc1 Qe8 26. f3 Nd6 27. Qd2 Ra6 28. g4 Bh7 29. Bb1 Bxb1 30. Rxb1 Qe7 31. Kh1 Ra7 32. Rg1 g5 33. Rbf1 b6 34. Rg3 Rac7 35. f4 Ne4 36. Qe2 Nxg3+ 37. hxg3 gxf4 38. Rxf4 Rxc3 39. Rf1 Rc1 40. Rxc1 Rxc1+ 41. Kg2 Qf6 42. Nf3 Rc3 43. Ne5 Kg7 44. Qb2 Rc7 45. Qe2 Rc1 46. Nf3 Qg6 47. Kh3 Qe4 48. Qd2 Rc2 49. Qd1 Rf2 50. Nh4 Qe2 51. Qh1 Rf1 1/2-1/2

[Event "8. Arber-Schachopen 2019"]
[Site "Bodenmais"]
[Date "2019.07.31"]
[Round "5.20"]
[White "Bielmeier, Ludwig"]
[Black "Vanhee, Lars"]
[Result "1-0"]
[ECO "A04"]
[WhiteElo "2083"]
[BlackElo "1895"]
[Annotator "NA"]
[PlyCount "225"]
[EventDate "2019.07.27"]
[EventCountry "GER"]
[SourceTitle "playchess.com"]
[Source "ChessBase"]
[SourceQuality "1"]
[TimeControl "40/5400+30:1800+30"]

1. Nf3 f5 2. g3 Nf6 3. Bg2 e6 4. O-O Be7 5. c4 O-O 6. d3 d6 7. Nc3 e5 8. e4 fxe4 9. dxe4 Nc6 10. h3 Be6 11. b3 Qe8 12. Be3 Qh5 13. Ng5 Bd7 14. Qxh5 Nxh5 15. Nd5 Rac8 16. Nf3 Nf6 17. Bg5 h6 18. Bxf6 Bxf6 19. Rfd1 Be6 20. Rac1 b6 21. Rc3 a5 22. Bf1 Kf7 23. Kg2 Rfd8 24. a3 Rf8 25. b4 axb4 26. axb4 Bxd5 27. cxd5 Nb8 28. Rdc1 Bd8 29. Bb5 Kg8 30. R1c2 Rf7 31. Ra2 Nd7 32. Ne1 Nf6 33. f3 Kf8 34. Nc2 Ng8 35. Ra6 Rb8 36. Rca3 g6 37. Ra2 Nf6 38. Ne1 Nh5 39. Nd3 Rc8 40. Nf2 g5 41. Ng4 Rh7 42. Ne3 Rh8 43. Nf5 Kf7 44. Bd7 Rb8 45. Ra7 Kg6 46. Rc2 Nf6 47. Be6 Ne8 48. Ne3 h5 49. Rc1 Rf8 50. Bf5+ Kh6 51. Kf2 Rh8 52. Ke2 Ng7 53. Bd7 Kg6 54. Nd1 Rf8 55. Nc3 Ne8 56. Nb5 Kf6 57. Rc6 Ng7 58. h4 gxh4 59. gxh4 Rf7 60. Bh3 Ne8 61. Rc1 Rg7 62. Raa1 Kf7 63. Rh1 Kf8 64. Bf1 Nf6 65. Kf2 Ne8 66. Nc3 Rg6 67. Bb5 Ng7 68. Ne2 Kf7 69. Ng3 Ke7 70. Bc6 Kf7 71. Ra7 Kf8 72. Raa1 Kf7 73. Rag1 Bf6 74. Ra1 Bd8 75. Kg2 Kf8 76. Bd7 Ke7 77. Bc6 Kf8 78. Raf1 Bf6 79. Kh3 Ke7 80. Rhg1 Rg8 81. Ra1 Kf7 82. Ra7 Bd8 83. Bd7 Ke7 84. Bc6 Kf7 85. Bd7 Ke7 86. Bc8 Kf7 87. Rc1 Kf8 88. Ra8 Ke7 89. Raa1 Kf8 90. Rg1 Ke7 91. Raf1 Ke8 92. Rg2 Be7 93. Rfg1 Kf8 94. Bd7 Bd8 95. Ra1 Ke7 96. Bf5 Nxf5 97. Nxf5+ Kf6 98. Rxg6+ Rxg6 99. Ng3 Rh6 100. Ra8 Rh8 101. Nxh5+ Kg6 102. Kg4 Rf8 103. f4 exf4 104. Nxf4+ Rxf4+ 105. Kxf4 Bxh4 106. Rc8 Be1 107. Rxc7 Bxb4 108. Rc6 Bc5 109. e5 Kf7 110. exd6 Ke8 111. Ke5 Kd7 112. Rc7+ Kd8 113. Ke6 1-0

[Event "8. Arber-Schachopen 2019"]
[Site "Bodenmais"]
[Date "2019.07.31"]
[Round "5.21"]
[White "Simacek, Vaclav"]
[Black "Medunova, Vera"]
[Result "0-1"]
[ECO "B20"]
[WhiteElo "1809"]
[BlackElo "2093"]
[Annotator "NA"]
[PlyCount "148"]
[EventDate "2019.07.27"]
[EventCountry "GER"]
[SourceTitle "playchess.com"]
[Source "ChessBase"]
[SourceQuality "1"]
[TimeControl "40/5400+30:1800+30"]

1. e4 c5 2. b4 cxb4 3. Nf3 e6 4. d4 Nf6 5. Bd3 Be7 6. a3 bxa3 7. O-O O-O 8. c4 b6 9. e5 Ne8 10. Be4 Nc6 11. d5 f5 12. Bc2 Nb4 13. d6 Nxd6 14. exd6 Bf6 15. Rxa3 Bb7 16. Ba4 Qc8 17. Qe2 Na6 18. Nc3 Nc5 19. Nb5 Nxa4 20. Rxa4 Qc6 21. Rxa7 Rxa7 22. Nxa7 Qxd6 23. Rd1 Qc7 24. Nb5 Bxf3 25. gxf3 Qb7 26. Ba3 Ra8 27. Bd6 Qc6 28. Bc7 Ra4 29. Rd6 Qxc4 30. Qxc4 Rxc4 31. Rxb6 Rc1+ 32. Kg2 Kf7 33. Bd6 e5 34. Ba3 Rd1 35. Nd6+ Kg6 36. Ne8 Kf7 37. Nd6+ Kg6 38. Ne8 Kf7 39. Nxf6 gxf6 40. f4 d5 41. h4 h5 42. Rd6 d4 43. Bb4 Rb1 44. Bd2 Rb2 45. Be1 Ke7 46. fxe5 fxe5 47. Rh6 d3 48. Rxh5 Ke6 49. Kf3 d2 50. Bxd2 Rxd2 51. Rh6+ Kd5 52. Rh8 e4+ 53. Ke3 Rd3+ 54. Ke2 Ke5 55. h5 Rh3 56. h6 Kf6 57. Kf1 Rh5 58. Ke2 Kg6 59. Rg8+ Kxh6 60. Rg3 Rg5 61. Rh3+ Kg6 62. f3 Rg2+ 63. Kf1 exf3 64. Rxf3 Ra2 65. Rg3+ Kf6 66. Rg8 Ke5 67. Rb8 Ke4 68. Rb4+ Kf3 69. Rb3+ Kg4 70. Rb4+ f4 71. Rb8 Kg3 72. Rb7 Ra1+ 73. Ke2 f3+ 74. Kd2 f2 0-1

[Event "8. Arber-Schachopen 2019"]
[Site "Bodenmais"]
[Date "2019.07.31"]
[Round "5.22"]
[White "Eggeling, Philipp"]
[Black "Schwenkreis, Thomas"]
[Result "1-0"]
[ECO "A53"]
[WhiteElo "1869"]
[BlackElo "2048"]
[Annotator "NA"]
[PlyCount "155"]
[EventDate "2019.07.27"]
[EventCountry "GER"]
[SourceTitle "playchess.com"]
[Source "ChessBase"]
[SourceQuality "1"]
[TimeControl "40/5400+30:1800+30"]

1. d4 Nf6 2. c4 d6 3. Nc3 Nc6 4. Nf3 Bg4 5. g3 Qc8 6. h3 Bd7 7. Bg2 g6 8. Bg5 Bg7 9. Qd2 h6 10. Be3 a6 11. d5 Na5 12. b3 c5 13. dxc6 Nxc6 14. Rc1 Rb8 15. Nd5 Ne4 16. Qc2 Nc5 17. Nb6 Qc7 18. Nxd7 Nxd7 19. O-O O-O 20. Rfd1 a5 21. Qd2 Kh7 22. Ne1 Nf6 23. Nd3 Rfd8 24. Nf4 e6 25. Nd5 exd5 26. cxd5 Nxd5 27. Qxd5 Qe7 28. h4 Ne5 29. Bb6 Rd7 30. Bxa5 Ra8 31. Qd2 h5 32. Bc3 Bh6 33. e3 Rad8 34. Qe2 d5 35. Bd4 Nc6 36. Bc5 Qe6 37. Rc2 Ne5 38. Bd4 Nc6 39. Bb6 Re8 40. Rcd2 Ne5 41. Bd4 Nc6 42. Qf3 f5 43. Bc3 d4 44. Bxd4 Red8 45. Bc3 Rxd2 46. Rxd2 Rxd2 47. Bxd2 Bg7 48. Qd5 Qf6 49. a4 Qa1+ 50. Bf1 Qd1 51. Kg2 Ne5 52. a5 Nf3 53. Qxf3 Qxd2 54. Qxb7 Qxa5 55. b4 Qd8 56. b5 Kh6 57. Bc4 Be5 58. Qd5 Qxd5+ 59. Bxd5 Bc7 60. f4 Kg7 61. Kf3 Kf6 62. e4 fxe4+ 63. Kxe4 Bb6 64. Bc6 Ba7 65. Be8 Bb6 66. Bd7 Ba7 67. g4 hxg4 68. Bxg4 Bb6 69. h5 gxh5 70. Bxh5 Bc7 71. f5 Bb6 72. Bg4 Bd8 73. Kd5 Ba5 74. Kc6 Ke7 75. b6 Bc3 76. Kc7 Ba5 77. Kb7 Bc3 78. Kc8 1-0

[Event "8. Arber-Schachopen 2019"]
[Site "Bodenmais"]
[Date "2019.07.31"]
[Round "5.23"]
[White "McPherson, Elisha"]
[Black "Neiss, Josef Martin"]
[Result "0-1"]
[ECO "B15"]
[WhiteElo "1705"]
[BlackElo "2041"]
[Annotator "NA"]
[PlyCount "94"]
[EventDate "2019.07.27"]
[EventCountry "GER"]
[SourceTitle "playchess.com"]
[Source "ChessBase"]
[SourceQuality "1"]
[TimeControl "40/5400+30:1800+30"]

1. e4 c6 2. d4 d5 3. Nc3 dxe4 4. Nxe4 Nf6 5. Nxf6+ exf6 6. c3 Bd6 7. Bd3 O-O 8. Ne2 Bg4 9. Qc2 h6 10. O-O Nd7 11. h3 Be6 12. Bf4 Qc7 13. Bxd6 Qxd6 14. Ng3 Rfe8 15. Nf5 Bxf5 16. Bxf5 Re7 17. Rfe1 Rae8 18. Qd2 Nb6 19. Rxe7 Qxe7 20. Bd3 Nd5 21. Kf1 Qd6 22. Re1 Re6 23. Bf5 Rxe1+ 24. Qxe1 g6 25. Be4 Nf4 26. Qe3 Kg7 27. c4 f5 28. Bf3 b6 29. b3 c5 30. dxc5 bxc5 31. h4 Ne6 32. Bd5 Nf4 33. Bf3 Kf6 34. g3 Qd3+ 35. Qxd3 Nxd3 36. a3 Ke5 37. Bd1 Kd4 38. Be2 a5 39. Bd1 Kc3 40. f4 Nb2 41. Ke2 Nxd1 42. Kxd1 Kxb3 43. Kd2 Kxc4 44. Kc2 h5 45. Kb2 Kd3 46. Kb3 c4+ 47. Kb2 Kd2 0-1

[Event "8. Arber-Schachopen 2019"]
[Site "Bodenmais"]
[Date "2019.07.31"]
[Round "5.24"]
[White "Glaser, Max"]
[Black "Liebold, Aaron"]
[Result "1/2-1/2"]
[ECO "B51"]
[WhiteElo "1949"]
[BlackElo "1944"]
[Annotator "NA"]
[PlyCount "61"]
[EventDate "2019.07.27"]
[EventCountry "GER"]
[SourceTitle "playchess.com"]
[Source "ChessBase"]
[SourceQuality "1"]
[TimeControl "40/5400+30:1800+30"]

1. e4 c5 2. Nf3 d6 3. Bb5+ Nd7 4. d4 cxd4 5. Qxd4 Ngf6 6. Bg5 g6 7. Bxf6 exf6 8. c4 Be7 9. Nc3 O-O 10. Bxd7 Bxd7 11. O-O Be6 12. Nd5 Bxd5 13. Qxd5 Qb6 14. b3 Rfd8 15. Qd3 Rac8 16. Rfd1 Rc5 17. Rac1 f5 18. Rc2 Bf6 19. Rcd2 Kf8 20. exf5 Rxf5 21. Qc2 Qc6 22. Rd5 Rxd5 23. Rxd5 Re8 24. Qd2 Re6 25. g3 h5 26. Qf4 Ke7 27. Ng5 Bxg5 28. Qxg5+ Ke8 29. Qd2 Ke7 30. Qg5+ Ke8 31. c5 1/2-1/2

[Event "8. Arber-Schachopen 2019"]
[Site "Bodenmais"]
[Date "2019.07.31"]
[Round "5.25"]
[White "Brandsma, Romayn"]
[Black "Heiduk, Christoph"]
[Result "1/2-1/2"]
[ECO "B22"]
[WhiteElo "1957"]
[BlackElo "1870"]
[Annotator "NA"]
[PlyCount "188"]
[EventDate "2019.07.27"]
[EventCountry "GER"]
[SourceTitle "playchess.com"]
[Source "ChessBase"]
[SourceQuality "1"]
[TimeControl "40/5400+30:1800+30"]

1. e4 c5 2. c3 d5 3. exd5 Qxd5 4. d4 Nc6 5. Nf3 Bg4 6. Be2 cxd4 7. cxd4 e6 8. O-O Nf6 9. Nc3 Qa5 10. Be3 Be7 11. a3 O-O 12. b4 Qd8 13. Na4 Nd5 14. Rc1 Bf6 15. Nc5 Qe7 16. Ne4 a6 17. Nxf6+ Qxf6 18. h3 Bf5 19. Bd3 Bxd3 20. Qxd3 h6 21. Rfe1 Rfd8 22. Qe4 Nde7 23. Ne5 Rd5 24. Nxc6 Nxc6 25. Rc5 Rad8 26. Rxd5 Rxd5 27. Rc1 Qf5 28. Qxf5 Rxf5 29. Rc5 Rd5 30. Rxd5 exd5 31. Kf1 Kf8 32. Ke2 Ke7 33. Kd3 Ke6 34. Bf4 h5 35. Bc7 b5 36. Bb6 Kf5 37. Bc5 g5 38. Ke3 Nd8 39. g3 Ne6 40. Bd6 g4 41. h4 Ng7 42. Bf8 Ne6 43. Bd6 Kg6 44. Be5 f6 45. Bd6 Kf5 46. Be7 Ng7 47. Bd6 Ke6 48. Bb8 Nf5+ 49. Kd3 Ne7 50. Bc7 Nc8 51. Kc3 Kd7 52. Bf4 Nb6 53. Kb3 Ke6 54. Bc7 Nc4 55. a4 Nd2+ 56. Kc2 Ne4 57. axb5 axb5 58. Kd3 Nxf2+ 59. Ke2 Ne4 60. Bf4 Nc3+ 61. Kd3 Na4 62. Bh6 Nb2+ 63. Kc2 Nc4 64. Kd3 Nd6 65. Bf4 Nf7 66. Ke3 Nd8 67. Kd3 Nc6 68. Bd2 Kf5 69. Ke3 Ne7 70. Kd3 Nc8 71. Bf4 Nb6 72. Bc7 Nd7 73. Bf4 Nf8 74. Bd6 Ng6 75. Ke3 Ke6 76. Bb8 Ne7 77. Ba7 Nc6 78. Bc5 Kf5 79. Kd3 Nb8 80. Bd6 Nd7 81. Bc7 Nf8 82. Bd6 Ng6 83. Ke3 Ke6 84. Bb8 Ne7 85. Ba7 Nf5+ 86. Kf4 Nd6 87. Ke3 Kf5 88. Bb8 Nc4+ 89. Kd3 Ke6 90. Bf4 Nb6 91. Bc7 Nd7 92. Bf4 Nf8 93. Ke3 Ng6 94. Bb8 Ne7 1/2-1/2

[Event "8. Arber-Schachopen 2019"]
[Site "Bodenmais"]
[Date "2019.07.31"]
[Round "5.26"]
[White "Kiwitz, Henri"]
[Black "Villani, Cristian"]
[Result "1/2-1/2"]
[ECO "B40"]
[WhiteElo "1755"]
[BlackElo "2017"]
[Annotator "NA"]
[PlyCount "98"]
[EventDate "2019.07.27"]
[EventCountry "GER"]
[SourceTitle "playchess.com"]
[Source "ChessBase"]
[SourceQuality "1"]
[TimeControl "40/5400+30:1800+30"]

1. e4 c5 2. Nf3 e6 3. b3 Nc6 4. Bb2 d6 5. d4 cxd4 6. Nxd4 Nf6 7. Bd3 Qa5+ 8. Nd2 Bd7 9. O-O Ne5 10. N2f3 Ng6 11. Re1 Be7 12. c4 O-O 13. g3 a6 14. Qe2 Ng4 15. Nd2 N4e5 16. Nf1 Rac8 17. Ne3 Nxd3 18. Qxd3 Ne5 19. Qe2 b5 20. cxb5 Bxb5 21. Nxb5 axb5 22. Ng4 b4 23. Bxe5 dxe5 24. Ne3 Bc5 25. Nc4 Qa7 26. Rac1 Bd4 27. Kg2 Rfd8 28. h4 Bc3 29. Rh1 Ra8 30. Rc2 Qd4 31. h5 f5 32. Rh4 Qd3 33. exf5 exf5 34. Qxd3 Rxd3 35. Ne3 g6 36. hxg6 hxg6 37. Rc4 Kg7 38. Rc7+ Kf6 39. Rc6+ Kg5 40. Nc4 e4 41. Nd6 Rd1 42. Nb5 Be5 43. R6c4 Rh8 44. Rc1 Rxc1 45. Rxc1 Ra8 46. Rc5 Kf6 47. Rc6+ Kg5 48. Rc5 Kf6 49. Rc6+ Kg5 1/2-1/2

[Event "8. Arber-Schachopen 2019"]
[Site "Bodenmais"]
[Date "2019.08.01"]
[Round "6.1"]
[White "Delchev, Aleksander"]
[Black "Milov, Leonid"]
[Result "1/2-1/2"]
[ECO "D11"]
[WhiteElo "2571"]
[BlackElo "2472"]
[Annotator "ChessBase"]
[PlyCount "46"]
[EventDate "2019.07.27"]
[EventCountry "GER"]
[SourceTitle "playchess.com"]
[Source "ChessBase"]
[SourceQuality "1"]
[TimeControl "40/5400+30:1800+30"]

1. d4 d5 2. c4 c6 3. Nf3 Nf6 4. Qc2 dxc4 5. Qxc4 e6 6. Bg5 b5 7. Qc2 Bb7 8. Nbd2 Nbd7 9. e3 a6 10. a4 h6 11. Bxf6 Qxf6 12. Bd3 Bb4 13. O-O O-O 14. Rfc1 Qe7 15. Nb3 bxa4 16. Rxa4 a5 17. Rca1 c5 18. Bh7+ Kh8 19. Be4 Bxe4 20. Qxe4 cxd4 21. Nfxd4 Nc5 22. Nxc5 Qxc5 23. g3 Rac8 1/2-1/2

[Event "8. Arber-Schachopen 2019"]
[Site "Bodenmais"]
[Date "2019.08.01"]
[Round "6.2"]
[White "Peng, Li Min"]
[Black "Mirzoev, Emil"]
[Result "0-1"]
[ECO "C60"]
[WhiteElo "2466"]
[BlackElo "2493"]
[Annotator "ChessBase"]
[PlyCount "80"]
[EventDate "2019.07.27"]
[EventCountry "GER"]
[SourceTitle "playchess.com"]
[Source "ChessBase"]
[SourceQuality "1"]
[TimeControl "40/5400+30:1800+30"]

1. e4 Nc6 2. Nf3 e5 3. Bb5 g6 4. c3 d6 5. d4 Bd7 6. O-O Bg7 7. Bg5 f6 8. Be3 Nh6 9. dxe5 fxe5 10. Bc4 Ng4 11. Bg5 Nf6 12. b4 Qe7 13. Nbd2 Nd8 14. Bd5 h6 15. Nh4 hxg5 16. Nxg6 Nxd5 17. Nxe7 Nxe7 18. Nc4 Ne6 19. a4 O-O-O 20. b5 Kb8 21. b6 axb6 22. Nxb6 Bc6 23. Nd5 Bxd5 24. exd5 Nc5 25. a5 e4 26. Rb1 Bxc3 27. Rb5 Nf5 28. Qb1 Nd4 29. Rc1 e3 30. fxe3 Ne2+ 31. Kf2 Nxc1 32. Rxc5 Rdf8+ 33. Kg3 Ne2+ 34. Kg4 Rh4+ 35. Kxg5 Bf6+ 36. Kf5 Bd8+ 37. Ke6 Rh6+ 38. Kd7 dxc5 39. Qxb7+ Kxb7 40. a6+ Kxa6 0-1

[Event "8. Arber-Schachopen 2019"]
[Site "Bodenmais"]
[Date "2019.08.01"]
[Round "6.3"]
[White "Pap, Misa"]
[Black "Poetz, Florian"]
[Result "1/2-1/2"]
[ECO "B40"]
[WhiteElo "2461"]
[BlackElo "2389"]
[Annotator "ChessBase"]
[PlyCount "45"]
[EventDate "2019.07.27"]
[EventCountry "GER"]
[SourceTitle "playchess.com"]
[Source "ChessBase"]
[SourceQuality "1"]
[TimeControl "40/5400+30:1800+30"]

1. e4 c5 2. Nf3 e6 3. c3 d5 4. exd5 Qxd5 5. d4 Nf6 6. Bd3 Be7 7. Be3 O-O 8. O-O Nc6 9. Qe2 cxd4 10. cxd4 Nb4 11. Nc3 Qh5 12. Bc4 b6 13. a3 Nbd5 14. Qd2 Nxc3 15. bxc3 Qa5 16. Ne5 Bb7 17. Rfc1 Rac8 18. Qe2 Ne4 19. Qg4 Nf6 20. Qh3 Bd5 21. Bxd5 exd5 22. Bg5 Rfe8 23. a4 1/2-1/2

[Event "8. Arber-Schachopen 2019"]
[Site "Bodenmais"]
[Date "2019.08.01"]
[Round "6.4"]
[White "Hoffmann, Michael"]
[Black "Vuckovic, Zarko"]
[Result "1-0"]
[ECO "A27"]
[WhiteElo "2438"]
[BlackElo "2214"]
[Annotator "NA"]
[PlyCount "149"]
[EventDate "2019.07.27"]
[EventCountry "GER"]
[SourceTitle "playchess.com"]
[Source "ChessBase"]
[SourceQuality "1"]
[TimeControl "40/5400+30:1800+30"]

1. c4 e5 2. Nc3 Nc6 3. Nf3 g6 4. d4 exd4 5. Nxd4 Bg7 6. Nxc6 bxc6 7. g3 Ne7 8. Bg2 O-O 9. O-O d6 10. Bg5 Rb8 11. Qc1 Be6 12. b3 Qd7 13. Rd1 f6 14. Bh6 c5 15. Bxg7 Kxg7 16. Qa3 Nc8 17. Nb5 c6 18. Nc3 Bh3 19. Bh1 h5 20. Rd2 Bf5 21. Rad1 Qc7 22. Be4 Be6 23. Bg2 Bf5 24. h3 Rd8 25. Qb2 Nb6 26. Qa1 Rd7 27. g4 hxg4 28. hxg4 Bxg4 29. Ne4 Rf8 30. Rxd6 Rxd6 31. Rxd6 Nd7 32. Qd1 Re8 33. Ng3 Ne5 34. Qd2 Re6 35. Rxe6 Bxe6 36. Ne4 Bf5 37. Nxc5 Ng4 38. f4 Qb6 39. b4 a5 40. a3 axb4 41. axb4 Bc8 42. Bh3 Qa7 43. Bxg4 Bxg4 44. Kf2 Qa3 45. Qd6 Qh3 46. Qe7+ Kh6 47. Qf8+ Kh7 48. Qe7+ Kh6 49. Nd3 Qh2+ 50. Ke1 Qg1+ 51. Kd2 Qa1 52. Qf8+ Kh7 53. Qe7+ Kh6 54. b5 cxb5 55. Qf8+ Kh7 56. Qe7+ Kh6 57. cxb5 Qa2+ 58. Ke1 Qb1+ 59. Kf2 Qxb5 60. Qxf6 Kh7 61. Qe7+ Kh6 62. Qh4+ Bh5 63. Qf6 Kh7 64. Qf7+ Kh8 65. Qf8+ Kh7 66. Qe7+ Kh6 67. Qe5 Qb6+ 68. Nc5 Kh7 69. Qe7+ Kh6 70. Qf8+ Kh7 71. Qe7+ Kh6 72. Qe3 Bg4 73. Ne4 Qb5 74. f5+ Kg7 75. Qd4+ 1-0